 Seeded DCSS version 0.29.1-15-g9cfb28693d (webtiles) character file.

Game seed: 1 (custom seed)

189294 Kazon the Fencer (level 17, -8/199 HPs)
             Began as a Demonspawn Fighter on Apr 21, 2023.
             Was the Champion of Okawaru.
             Mangled by an orc warrior
             ... wielding a +0 halberd
              (18 damage)
             ... on level 2 of the Orcish Mines on Apr 25, 2023.
             The game lasted 03:05:53 (24944 turns).

Kazon the Fencer (Demonspawn Fighter)              Turns: 24944, Time: 03:05:54

Health: -8/199     AC: 34    Str: 28    XL:     17   Next: 50%
Magic:  25/25      EV: 10    Int:  8    God:    Okawaru [******]
Gold:   4010       SH:  0    Dex: 23    Spells: 16/16 levels left

rFire   + + +      SeeInvis +   s - +6 triple sword "Ejeusk" {vamp, *Rage rN++ Str+3}
rCold   + + .      Faith    .   (shield currently unavailable)
rNeg    + + +      Spirit   .   M - +9 crystal plate armour of Noikkit {+Inv rCorr Str+4 Slay-2 Stlth+}
rPois   +          Reflect  .   S - +1 hat of Untruth {rC++ rCorr Str-2 Stlth+}
rElec   .          Harm     .   X - +2 cloak
rCorr   +          Rampage  +   L - +1 pair of gloves of the Eight Boll Weevils {Rampage Str+3 Stlth+}
Will    +....      Rage     20% n - +2 pair of boots "Witicve" {rPois Int-4 SInv}
Stlth   ..........              U - amulet "Odemouw" {Contam rPois rF+++ Regen+ Stlth+}
HPRegen 5.23/turn               i - ring of positive energy
MPRegen 0.19/turn               F - +6 ring of dexterity

@: berserking, corroded, studying 2 skills, very quick
A: claws 2, yellow scales 2, powered by death 2, spiny 2, antennae 1, strong 1,
noise suppression
}: 1/15 runes: gossamer
a: Renounce Religion, Evoke Invisibility, Heroism, Finesse, Duel


You were on level 2 of the Orcish Mines.
You worshipped Okawaru.
Okawaru was exalted by your worship.
You visited 5 branches of the dungeon, and saw 26 of its levels.
You also visited: Gauntlet.

You collected 4786 gold pieces.
You spent 776 gold pieces at shops.

Inventory:

Hand Weapons
 e - a +2 dagger of venom
 f - the +2 Maxwell's thermic engine {flame, freeze}
   (You found it on level 1 of the Lair of Beasts)

   It burns those it strikes, dealing additional fire damage.
   Big, fiery blades are also staple armaments of hydra-hunters.
   It freezes those it strikes, dealing additional cold damage.
   It can also slow down cold-blooded creatures.
   It becomes more effective when it hits something.
   This effect fades over time.
 q - the +8 whip "Wank" {freeze, Fly Will+}
   (Okawaru gifted it to you on level 13 of the Dungeon)

   It freezes those it strikes, dealing additional cold damage.
   It can also slow down cold-blooded creatures.
   Fly:       It grants you flight.
   Will:      It increases your willpower.
 s - the +6 triple sword "Ejeusk" (weapon) {vamp, *Rage rN++ Str+3}
   (Okawaru gifted it to you on level 4 of the Spider Nest)

   It occasionally heals its wielder for a portion of the damage dealt when it
   wounds a living foe.
   Str:       It affects your strength (+3).
   rN:        It greatly protects you from negative energy.
   *Rage:     It berserks you when you make melee attacks (+20% chance).
Missiles
 c - 7 atropa-tipped darts
 y - 38 boomerangs
 B - a throwing net
 D - 6 curare-tipped darts
 J - 7 poisoned darts (quivered)
 T - 5 datura-tipped darts
 W - 13 javelins
Armour
 n - the +2 pair of boots "Witicve" (worn) {rPois Int-4 SInv}
   (Okawaru gifted it to you on level 4 of the Spider Nest)

   Int:       It affects your intelligence (-4).
   rPois:     It protects you from poison.
   SInv:      It lets you see invisible.
 C - a +0 kite shield of reflection
 L - the +1 pair of gloves of the Eight Boll Weevils (worn) {Rampage Str+3 Stlth+}
   (You acquired it on level 1 of the Dungeon)

   Str:       It affects your strength (+3).
   Rampage:   It bestows one free step when moving towards enemies.
   Stlth:     It makes you more stealthy.
 M - the +9 crystal plate armour of Noikkit (worn) {+Inv rCorr Str+4 Slay-2 Stlth+}
   (Okawaru gifted it to you on level 1 of the Spider Nest)

   Str:       It affects your strength (+4).
   Slay:      It affects your accuracy & damage with ranged weapons and melee
   (-2).
   +Inv:      It lets you turn invisible.
   rCorr:     It protects you from acid and corrosion.
   Stlth:     It makes you more stealthy.
 S - the +1 hat of Untruth (worn) {rC++ rCorr Str-2 Stlth+}
   (You found it on level 14 of the Dungeon)

   Str:       It affects your strength (-2).
   rC:        It greatly protects you from cold.
   rCorr:     It protects you from acid and corrosion.
   Stlth:     It makes you more stealthy.
 X - a +2 cloak (worn)
Jewellery
 i - a ring of positive energy (left hand)
 k - a ring of protection from cold
 F - a +6 ring of dexterity (right hand)
 U - the amulet "Odemouw" (around neck) {Contam rPois rF+++ Regen+ Stlth+}
   (You bought it in a shop on level 8 of the Dungeon)

   [amulet of regeneration]

   rF:        It renders you almost immune to fire.
   rPois:     It protects you from poison.
   Contam:    It causes magical contamination when unequipped.
   Regen:     It increases your rate of health regeneration.
   Stlth:     It makes you more stealthy.
Wands
 x - a wand of polymorph (11)
 A - a wand of mindburst (22)
 I - a wand of paralysis (21)
 N - a wand of roots (18)
Scrolls
 j - 3 scrolls of noise
 l - 2 scrolls of silence
 o - 4 scrolls of immolation
 r - 4 scrolls of fog
 u - 2 scrolls of magic mapping
 v - 4 scrolls of teleportation
 K - 3 scrolls of fear
 Y - a scroll of blinking
Potions
 a - 6 potions of haste
 b - 3 potions of berserk rage
 d - 5 potions of might
 h - 3 potions of flight
 m - 3 potions of cancellation
 t - 3 potions of heal wounds
 z - a potion of invisibility
 E - 2 potions of resistance
 H - 11 potions of curing
 P - 11 potions of lignification
 R - 7 potions of ambrosia
Miscellaneous
 g - a phial of floods
 w - a tin of tremorstones (2/2)
 O - a lightning rod (4/4)
 Q - a condenser vane


   Skills:
 + Level 12.0 Fighting
 + Level 6.3(12.1) Short Blades
 + Level 15.9(16.3) Long Blades
 + Level 6.7 Maces & Flails
 + Level 9.4 Throwing
 + Level 9.4 Armour
 + Level 8.5 Dodging
 + Level 10.4 Stealth
 + Level 9.1 Shields
 + Level 11.2 Invocations
 + Level 10.1 Evocations


You had 16 spell levels left.
You didn't know any spells.
Your spell library contained the following spells:

 Spells                   Type           Power      Damage    Failure   Level
 Apportation              Tloc           0%         N/A       100%        1
 Magic Dart               Conj           0%         1d3       100%        1
 Necrotise                Necr           0%         1d4       100%        1
 Sting                    Tmut/Pois      0%         1d3       100%        1
 Poisonous Vapours        Pois/Air       0%         N/A       100%        2
 Dazzling Flash           Conj/Hex       0%         N/A       100%        3
 Mephitic Cloud           Conj/Pois/Air  0%         N/A       100%        3
 Ozocubu's Armour         Ice            0%         N/A       100%        3
 Iskenderun's Mystic Bla  Conj/Tloc      0%         2d3       100%        4
 Olgreb's Toxic Radiance  Pois           0%         N/A       100%        4
 Alistair's Intoxication  Tmut/Pois      0%         N/A       100%        5
 Blade Hands              Tmut           0%         N/A       100%        5
 Fireball                 Conj/Fire      0%         3d3       100%        5
 Iskenderun's Battlesphe  Conj           0%         2d6       100%        5
 Metabolic Englaciation   Hex/Ice        0%         N/A       100%        5
 Conjure Ball Lightning   Conj/Air       0%         3x3d6     100%        6
 Iron Shot                Conj/Erth      0%         9d1       100%        6
 Starburst                Conj/Fire      0%         6d3       100%        6
 Orb of Destruction       Conj           0%         9d5       100%        7
 Ozocubu's Refrigeration  Ice            0%         4d7       100%        7
 Summon Small Mammal      Summ           Unusable   N/A       N/A         1
 Call Imp                 Summ           Unusable   N/A       N/A         2
 Animate Armour           Summ/Erth      Unusable   N/A       N/A         4
 Simulacrum               Ice/Necr       Unusable   N/A       N/A         6

Dungeon Overview and Level Annotations

Branches:
Dungeon (14/15)            Temple (1/1) D:7            Lair (5/5) D:10
 Shoals (0/4) Lair:3       Spider (4/4) Lair:3        Slime (0/5) Lair:4
    Orc (2/2) D:12            Elf (0/3) Orc:2        Vaults (0/5) D:13
Gauntlet (visited)

Altars:
Ashenzari
Dithmenos
Gozag
Hepliaklqana
Kikubaaqudgha
Makhleb
Nemelex Xobeh
Okawaru
Uskayaw
Xom
Jiyva

Shops:
D:3 (   D:8 ?(==   D:10 :   D:13 !   Orc:2 *

Annotations:
Orc:2 1 runed translucent door, Whoops's ghost, journeyman DsFi


Innate Abilities, Weirdness & Mutations

You have very sharp fingernails.
You are mostly covered in yellow scales. (AC +3)
You regenerate health from kills.
You are mostly covered in sharp spines.
You have a pair of small antennae on your head.
Your muscles are strong. (Str +4, Int/Dex -1)
You passively dampen the noise of your surroundings.


Message History

The orc warrior hits you with a +0 mace!
* * * LOW HITPOINT WARNING * * *
The orc warrior hits you but does no damage.
The orc warrior barely misses you.
The orc priest looks encouraged for a moment.
An orc priest comes into view. It is wielding a +0 club.
The orc knight closely misses you.
The orc priest shouts!
You slash the orc priest!
You kill the orc priest!
Okawaru accepts your kill.
Unknown command.
You rampage towards the orc wizard!
You barely miss the orc wizard.
The orc wizard no longer looks unusually strong.
The orc warrior hits you with a +0 mace!
* * * LOW HITPOINT WARNING * * *
The orc wizard misses you.
The orc warrior hits you from afar with a +0 halberd.
* * * LOW HITPOINT WARNING * * *
The orc warrior is struck by your spines.
The orc warrior hits you with a +0 dire flail!
* * * LOW HITPOINT WARNING * * *
The orc knight roars a battlecry!
The orcs go into a battle-frenzy!
The orc wizard is struck by your spines.
The orc wizard hits you but does no damage.
An orc priest comes into view. It is wielding a +1 dagger of venom.
The orc priest hits you but does no damage.
The orc warrior is struck by your spines.
The orc warrior hits you with a +0 morningstar!
* * * LOW HITPOINT WARNING * * *
You are too berserk!
You open the orc wizard like a pillowcase!!!
You feel better.
You kill the orc wizard!
Okawaru accepts your kill.
The orc priest hits you with a +0 hand axe.
* * * LOW HITPOINT WARNING * * *
The orc warrior hits you from afar with a +0 halberd!!
You die...

.o.....oo.oo
...o.....o...
o.............
#......o..
#....o....
#.........
#.o..⌠....
#.)oo..... #
#o@o......
#..###ooo......
#o..oooo.......
...ooooo)......
......###...###
.....# .#...#
....# ###..∩
..)# #.. ### ##


You could see 2 orc knights, 8 orc warriors, 4 orc priests, 2 orc wizards and 5
orcs.

Vanquished Creatures
  Mara (Spider:3)
  Rupert (D:12)
  Donald (Orc:2)
  6 emperor scorpions
  4 ghost moths
  The ghost of Ehaok the Impaler, a journeyman DsGl of Hepliaklqana (D:14)
  3 broodmothers
  Nessos (D:12)
  4 spark wasps
  Snorg (D:14)
  A minotaur (Gauntlet)
  Azrael (D:13)
  3 entropy weavers
  A fire dragon (D:13)
  Fannar (Lair:2)
  3 hydras
  Erolcha (D:10)
  4 catoblepae
  4 boulder beetles
  A vault guard (D:13)
  A ghost crab (Gauntlet)
  4 centaur warriors
  A jorogumo (Spider:4)
  A death knight (D:14)
  3 two-headed ogres
  An alligator (shapeshifter) (D:14)
  10 death yaks
  8 death scarabs (Spider:4)
  An orc high priest (Orc:2)
  2 spectral emperor scorpions (Spider:4)
  Urug (Orc:1)
  13 pharaoh ants
  3 sixfirhies (Gauntlet)
  5 skeletal warriors
  A fire crab (D:13)
  A sun moth (Spider:1)
  Lodul (D:12)
  8 steelbarb worms
  7 spectral wolf spiders
  7 orb spiders
  A wizard (D:14)
  3 spriggan simulacra (D:14)
  A harpy (D:14)
  8 wolf spider zombies
  An orc knight (Orc:2)
  4 orc sorcerers
  A broodmother zombie (Spider:4)
  22 wolf spiders
  4 cyclopes
  A deep elf pyromancer (D:13)
  6 ugly things
  4 manticores
  3 moths of wrath
  5 elephants (Lair:4)
  5 black mambas
  11 cane toads
  8 torpor snails
  Maggie (D:6)
  4 rime drakes
  2 unseen horrors
  4 kobold demonologists (D:11)
  15 komodo dragons
  3 spectral redbacks (Spider:4)
  2 redback zombies (Spider:4)
  14 demonic crawlers
  2 freezing wraiths (D:14)
  A tengu conjurer (D:11)
  2 efreet (D:14)
  9 meliai (Spider:4)
  5 trolls
  A meliai (shapeshifter) (D:13)
  Prince Ribbit (D:9)
  A queen bee (Spider:4)
  25 tarantellas
  A spectral culicivora (Spider:4)
  2 spectral jumping spiders (Spider:4)
  2 jumping spider zombies (Spider:4)
  2 tarantella zombies (Spider:4)
  2 wolf spider simulacra (Spider:1)
  5 dream sheep (Lair:4)
  17 blink frogs
  A culicivora zombie (Spider:4)
  A snapping turtle (Lair:3)
  2 shadows
  32 jumping spiders
  2 vampires
  2 fire elementals (D:13)
  2 wraiths (D:12)
  63 yaks
  32 culicivoras
  5 wyverns
  5 basilisks
  Eustachio (D:5)
  50 redbacks
  2 steam dragons
  6 vampire mosquitoes
  3 minotaur simulacra (D:14)
  Menkaure (D:5)
  Edmund (D:6)
  2 wargs (Orc:1)
  2 acid dragons
  2 hell hounds (D:13)
  16 water moccasins
  20 orc warriors
  An ice beast (D:8)
  5 sky beasts
  2 black bears (D:6)
  5 centaurs
  11 ogres
  A wolf (D:10)
  2 phantoms (D:6)
  3 kobold brigands
  3 necrophages
  6 bullfrogs
  2 deep troll simulacra (D:14)
  A gnoll sergeant (D:7)
  10 scorpions
  21 wights
  19 killer bees
  3 electric eels
  A howler monkey (D:5)
  2 jellies (D:6)
  6 hounds
  21 orc priests
  2 gnoll boudas
  6 iguanas
  23 orc wizards
  4 hell rats (Lair:3)
  Robin (D:3)
  18 gnolls
  13 adders
  3 shadow imps
  2 white imps (D:7)
  An ufetubus (D:5)
  4 worms
  83 orcs
  11 endoplasms
  3 giant cockroaches
  16 goblins
  9 hobgoblins
  A jackal (D:4)
  26 kobolds
  2 quokkas
  5 ball pythons
  4 bats
  3 frilled lizards
  6 rats
957 creatures vanquished.

Vanquished Creatures (others)
  2 centaur simulacra (D:14)
  An ice beast (shapeshifter) (D:14)
  An orc priest (D:9)
  An orc (Orc:2)
  19 fungi
  30 plants
54 creatures vanquished.

Grand Total: 1011 creatures vanquished

Notes
Turn   | Place    | Note
-------+----------+-------------------------------------------
     0 | D:1      | Kazon the Demonspawn Fighter began the quest for the Orb.
     0 | D:1      | Reached XP level 1. HP: 18/18 MP: 1/1
    33 | D:1      | Identified a scroll of acquirement
    33 | D:1      | Acquired the +1 pair of gloves of the Eight Boll Weevils
                  | {Rampage Str+3 Stlth+}
   449 | D:1      | Gained mutation: You are partially covered in sharp spines.
                  | [demonic ancestry]
   449 | D:1      | Reached XP level 2. HP: 24/24 MP: 2/2
   752 | D:1      | Reached skill level 2 in Long Blades
  1006 | D:2      | Gained mutation: You regenerate a little health from kills.
                  | [demonic ancestry]
  1006 | D:2      | Reached XP level 3. HP: 29/29 MP: 3/3
  1325 | D:2      | Reached XP level 4. HP: 35/35 MP: 4/4
  1750 | D:3      | Found Umat's Antique Weapon Boutique.
  1904 | D:3      | Reached skill level 3 in Long Blades
  1907 | D:3      | Noticed Robin
  1922 | D:3      | Killed Robin
  2112 | D:3      | Reached skill level 1 in Throwing
  2112 | D:3      | Reached XP level 5. HP: 38/41 MP: 5/5
  2119 | D:3      | Reached skill level 1 in Short Blades
  2291 | D:3      | Reached skill level 5 in Fighting
  2291 | D:3      | Reached skill level 4 in Long Blades
  2291 | D:3      | Reached XP level 6. HP: 51/51 MP: 6/6
  2848 | D:4      | Reached skill level 5 in Stealth
  3026 | D:4      | Gained mutation: You have sharp fingernails. [demonic
                  | ancestry]
  3026 | D:4      | Reached XP level 7. HP: 56/56 MP: 7/7
  3075 | D:4      | Found a hazy altar of Hepliaklqana.
  3265 | D:5      | Entered Level 5 of the Dungeon
  3293 | D:5      | Noticed Eustachio
  3298 | D:5      | Killed Eustachio
  3345 | D:5      | Reached skill level 1 in Evocations
  3345 | D:5      | Gained mutation: You have very sharp fingernails. [demonic
                  | ancestry]
  3345 | D:5      | Reached XP level 8. HP: 49/62 MP: 8/8
  3484 | D:5      | Noticed Menkaure
  3498 | D:5      | Killed Menkaure
  3499 | D:5      | Reached skill level 5 in Throwing
  4195 | D:7      | Found a staircase to the Ecumenical Temple.
  4210 | Temple   | Entered the Ecumenical Temple
  4217 | Temple   | Became a worshipper of Warmaster Okawaru
  4248 | D:7      | Found a hide-covered altar of Uskayaw.
  4332 | D:6      | Reached skill level 1 in Invocations
  4358 | D:6      | Gained mutation: You are mostly covered in sharp spines.
                  | [demonic ancestry]
  4358 | D:6      | Reached XP level 9. HP: 50/68 MP: 9/9
  4380 | D:6      | Noticed Edmund
  4382 | D:6      | Killed Edmund
  4382 | D:6      | Reached * piety under Okawaru
  4391 | D:6      | Reached skill level 5 in Long Blades
  4517 | D:6      | Reached skill level 5 in Armour
  4553 | D:6      | Reached ** piety under Okawaru
  4641 | D:6      | Reached skill level 5 in Shields
  4893 | D:6      | Noticed Maggie
  4910 | D:6      | Killed Maggie
  5090 | D:7      | Gained mutation: You are partially covered in yellow
                  | scales. (AC +2) [demonic ancestry]
  5090 | D:7      | Reached XP level 10. HP: 76/76 MP: 12/12
  5442 | D:7      | Reached *** piety under Okawaru
  5486 | D:7      | Reached skill level 6 in Long Blades
  5584 | D:8      | Found Quzidd's Magic Scroll Emporium.
  5589 | D:8      | Bought a scroll of teleportation for 42 gold pieces
  5653 | D:8      | Found Esumer's Weapon Shop.
  6024 | D:8      | Reached skill level 5 in Dodging
  6135 | D:8      | Found Heidghoki's Jewellery Shop.
  6416 | D:8      | Found Zoxtaeshakh's Jewellery Boutique.
  6581 | D:9      | Noticed Prince Ribbit
  6594 | D:9      | Killed Prince Ribbit
  7120 | D:9      | Reached **** piety under Okawaru
  7185 | D:9      | Noticed a two-headed ogre
  7197 | D:9      | HP: 1/76 [two-headed ogre/+0 giant club (16)]
  7213 | D:10     | Entered Level 10 of the Dungeon
  7498 | D:10     | Reached skill level 5 in Invocations
  7522 | D:10     | Identified the +5 long sword of the Land of Plenty {drain,
                  | Dex+3}
  7580 | D:9      | Killed a two-headed ogre
  7806 | D:10     | Found a staircase to the Lair.
  7825 | D:10     | Gained mutation: You are mostly covered in yellow scales.
                  | (AC +3) [demonic ancestry]
  7825 | D:10     | Reached XP level 11. HP: 82/82 MP: 15/15
  7884 | D:10     | Noticed Erolcha
  7886 | D:10     | Killed Erolcha
  7909 | D:10     | Found Juagoaq's Book Shoppe.
  8185 | D:10     | Reached skill level 7 in Long Blades
  8195 | D:10     | Reached ***** piety under Okawaru
  8386 | D:10     | Reached skill level 5 in Evocations
  8772 | D:11     | Noticed a green ugly thing
  8779 | D:11     | Killed a green ugly thing
  8807 | D:11     | Received a gift from Okawaru
  9171 | D:8      | Bought the amulet "Odemouw" {Contam rPois rF+++ Regen+
                  | Stlth+} for 734 gold pieces
  9822 | Lair:1   | Entered Level 1 of the Lair of Beasts
  9834 | Lair:1   | Reached skill level 5 in Short Blades
  9859 | Lair:1   | Reached XP level 12. HP: 67/91 MP: 17/17
  9986 | Lair:1   | Found the +2 Maxwell's thermic engine {flame, freeze}
 10192 | Lair:1   | Reached skill level 8 in Long Blades
 10669 | Lair:2   | Noticed a catoblepas
 10671 | Lair:2   | Noticed Fannar
 10683 | Lair:2   | Killed a catoblepas
 10688 | Lair:2   | Killed Fannar
 10956 | Lair:2   | Received a gift from Okawaru
 11243 | Lair:2   | Received a gift from Okawaru
 11629 | Lair:3   | Found a staircase to the Shoals.
 11661 | Lair:3   | Found an ancient bone altar of Kikubaaqudgha.
 11735 | Lair:3   | Noticed a death yak
 11738 | Lair:3   | Noticed a death yak
 11746 | Lair:3   | Noticed a death yak
 11747 | Lair:3   | Noticed a death yak
 11755 | Lair:3   | Killed a death yak
 11757 | Lair:3   | Killed a death yak
 11762 | Lair:3   | Killed a death yak
 11763 | Lair:3   | Killed a death yak
 11764 | Lair:3   | Reached XP level 13. HP: 97/97 MP: 18/20
 11882 | Lair:3   | Found a hole to the Spider Nest.
 12361 | Lair:4   | Reached skill level 9 in Long Blades
 12398 | Lair:4   | Gained mutation: You have a pair of small antennae on your
                  | head. [potion of mutation]
 12398 | Lair:4   | Gained mutation: You passively dampen the noise of your
                  | surroundings. [potion of mutation]
 12398 | Lair:4   | Gained mutation: Your muscles are strong. (Str +4, Int/Dex
                  | -1) [potion of mutation]
 12402 | Lair:4   | Found a staircase to the Slime Pits.
 12403 | Lair:4   | Found a viscous altar of Jiyva.
 12745 | Lair:4   | Identified the +3 battleaxe "Adididghufym" {antimagic, rF+
                  | Will+}
 12922 | Lair:5   | Entered Level 5 of the Lair of Beasts
 12936 | Lair:5   | Reached skill level 10 in Invocations
 13030 | Lair:5   | Reached ****** piety under Okawaru
 13054 | Lair:5   | Received a gift from Okawaru
 13930 | Lair:5   | Received a gift from Okawaru
 13970 | Lair:5   | Received a gift from Okawaru
 14039 | Lair:5   | Reached skill level 10 in Long Blades
 14047 | Lair:5   | Gained mutation: You regenerate health from kills. [demonic
                  | ancestry]
 14047 | Lair:5   | Reached XP level 14. HP: 105/105 MP: 22/22
 14387 | Spider:1 | Entered Level 1 of the Spider Nest
 14575 | D:12     | Noticed Nessos
 14577 | D:12     | Killed Nessos
 14638 | D:12     | Received a gift from Okawaru
 14733 | D:12     | Noticed Lodul
 14754 | D:12     | Killed Lodul
 14978 | D:12     | Noticed Rupert
 14980 | D:12     | Killed Rupert
 14980 | D:12     | Received a gift from Okawaru
 15053 | D:12     | Found a staircase to the Orcish Mines.
 15353 | D:13     | Noticed Azrael
 15395 | D:13     | Killed Azrael
 15395 | D:13     | Identified the +8 whip "Wank" {freeze, Fly Will+} (Okawaru
                  | gifted it to you on level 13 of the Dungeon)
 15395 | D:13     | Received a gift from Okawaru
 15621 | D:13     | Found Ituota Roil's Distillery.
 15787 | D:13     | Reached skill level 1 in Maces & Flails
 16121 | D:13     | Found a gate to the Vaults.
 16131 | D:13     | Received a gift from Okawaru
 16202 | D:14     | Received a gift from Okawaru
 16203 | D:14     | Reached skill level 10 in Stealth
 16293 | D:14     | Noticed Snorg
 16307 | D:14     | Killed Snorg
 16335 | D:14     | Found a frozen archway.
 16344 | D:14     | Reached skill level 11 in Long Blades
 16385 | D:14     | Identified the +6 scale mail "Voetobuo" {Int-3 Dex+8}
 16648 | D:14     | Reached XP level 15. HP: 97/113 MP: 23/23
 16757 | D:14     | Noticed Ehaok's ghost (journeyman DsGl)
 16810 | D:14     | Found a runed translucent gate.
 16811 | D:14     | Found a runed translucent gate.
 16812 | D:14     | Found a runed translucent gate.
 17412 | D:14     | Killed Ehaok's ghost
 17425 | D:14     | Identified the +1 hat of Untruth {rC++ rCorr Str-2 Stlth+}
 17883 | Spider:1 | Received a gift from Okawaru
 18026 | Spider:1 | Acquired a manual of Long Blades
 18088 | Spider:1 | Received a gift from Okawaru
 18237 | Spider:1 | Identified the +9 crystal plate armour of Noikkit {+Inv
                  | rCorr Str+4 Slay-2 Stlth+} (Okawaru gifted it to you on
                  | level 1 of the Spider Nest)
 18237 | Spider:1 | Received a gift from Okawaru
 18589 | Spider:1 | Noticed an emperor scorpion
 18760 | Spider:1 | Killed an emperor scorpion
 18867 | Spider:1 | Reached skill level 5 in Maces & Flails
 18983 | Spider:1 | Reached skill level 10 in Fighting
 18987 | Spider:1 | Reached skill level 12 in Long Blades
 19515 | Spider:2 | Received a gift from Okawaru
 19759 | Spider:2 | Noticed an emperor scorpion
 19782 | Spider:2 | Killed an emperor scorpion
 19953 | Spider:3 | Received a gift from Okawaru
 19959 | Spider:3 | Reached XP level 16. HP: 122/122 MP: 24/24
 20082 | Spider:3 | Reached skill level 13 in Long Blades
 20394 | Spider:3 | Received a gift from Okawaru
 20884 | Spider:3 | Received a gift from Okawaru
 21102 | Spider:4 | Entered Level 4 of the Spider Nest
 21102 | Spider:4 | Noticed Mara
 21267 | Spider:3 | Reached skill level 10 in Evocations
 21276 | Spider:4 | Noticed Kazon's illusion
 21293 | Spider:3 | Noticed Kazon's illusion
 21293 | Spider:3 | Killed Mara
 21395 | Spider:4 | Received a gift from Okawaru
 21574 | Spider:4 | Reached skill level 14 in Long Blades
 21857 | Spider:4 | Identified the +6 triple sword "Ejeusk" {vamp, *Rage rN++
                  | Str+3} (Okawaru gifted it to you on level 4 of the Spider
                  | Nest)
 21857 | Spider:4 | Received a gift from Okawaru
 22647 | Spider:4 | Paralysed by a meliai for 5 turns
 22656 | Spider:4 | Identified the +2 pair of boots "Witicve" {rPois Int-4
                  | SInv} (Okawaru gifted it to you on level 4 of the Spider
                  | Nest)
 22656 | Spider:4 | Received a gift from Okawaru
 22675 | Spider:4 | Reached XP level 17. HP: 70/131 MP: 10/25
 22855 | Spider:4 | Reached skill level 15 in Long Blades
 23105 | Spider:4 | Got a gossamer rune of Zot
 23418 | Orc:1    | Entered Level 1 of the Orcish Mines
 23481 | Orc:1    | Noticed Urug
 23494 | Orc:1    | Killed Urug
 24049 | Orc:2    | Entered Level 2 of the Orcish Mines
 24049 | Orc:2    | Found a staircase to the Elven Halls.
 24086 | Orc:1    | You fall into a shaft and drop 1 floor!
 24170 | Orc:2    | Noticed Donald
 24192 | Orc:2    | Killed Donald
 24235 | Orc:2    | Found a gate leading to a gauntlet.
 24246 | Gauntlet | Entered a Gauntlet
 24246 | Gauntlet | Found a transporter.
 24249 | Gauntlet | Found a runed translucent door.
 24249 | Gauntlet | Found a transporter.
 24252 | Gauntlet | Found a transporter.
 24254 | Gauntlet | Found a transporter.
 24259 | Gauntlet | Found a runed translucent door.
 24263 | Gauntlet | Found a transporter.
 24263 | Gauntlet | Found a transporter.
 24264 | Gauntlet | Found a transporter.
 24264 | Gauntlet | Found the +12 glaive of Prune {vorpal}
 24265 | Gauntlet | Found a transporter.
 24285 | Gauntlet | Found a runed translucent door.
 24296 | Gauntlet | Found a transporter.
 24313 | Gauntlet | Found a transporter.
 24317 | Gauntlet | Found a transporter.
 24328 | Gauntlet | Found a transporter.
 24353 | Gauntlet | Identified the ring "Rutul" {Wiz rF+ Int+5}
 24397 | Gauntlet | Identified the amulet of Otuet {Acrobat Str+6}
 24718 | Orc:2    | Noticed Whoops's ghost (journeyman DsFi)
 24719 | Orc:2    | Found a runed translucent door.
 24925 | Orc:2    | Identified the +0 pair of gloves of Vlad {+Blink rF+ Will+
                  | Regen+} (Okawaru gifted it to you on level 2 of the Orcish
                  | Mines)
 24925 | Orc:2    | Received a gift from Okawaru
 24930 | Orc:2    | Found Leshref's General Store.
 24943 | Orc:2    | HP: 8/199 [orc warrior/+0 morningstar (7)]
 24944 | Orc:2    | Mangled by an orc warrior

Illustrated notes

Levels and vault maps discovered:
D:1:      dpeg_arrival_three_smaller_balls, layout_basic
D:2:      layout_loops_ring
D:3:      layout_basic, serial_shops, nicolae_shop_stone, st_stairs_9,
          minmay_misc_feat_doors, eino_curves_03, uniq_robin
D:4:      minmay_wonky_spiral, layout_basic,
          mainiacjoe_overflow_surrounded_room, minivault_5
D:5:      layout_cave_pods, uniq_menkaure, uniq_eustachio
D:6:      cheibrodos_barr_body, layout_basic, minmay_crystal_room,
          minmay_pentangle, uniq_maggie, uniq_edmund
D:7:      layout_cave_pools, nicolae_uskayaw_murder_on_the_dancefloor,
          elyvilon_altar_4, minmay_temple_entry_purple_smoke
D:8:      layout_basic, serial_shops, shop_statue, kennysheep_little_box, shop,
          nicolae_shop_window_shopping
D:9:      layout_cave_pools, uniq_prince_ribbit1
D:10:     layout_stronghold, erik_lair_island, serial_shops,
          nicolae_shop_statue_plus, uniq_erolcha
D:11:     layout_roguey
D:12:     layout_loops_ring, orc_0_dummy, chequers_serial_rivers_marsh,
          uniq_lodul, uniq_nessos, uniq_rupert
D:13:     layout_gridville, david_vaults_5, serial_shops,
          nicolae_shop_behind_doors, minmay_fractal_squares_gapless_5,
          uniq_azrael
D:14:     layout_roguey, minmay_misc_feat_secret_circle, gammafunk_ghost_split,
          portal_ice_cave_entry_ice_simulacra, uniq_snorg
Temple:   nicolae_temple_bog_church
Lair:1:   layout_long_grid, fungi_pond_lemuel, cheibrodos_lair_reptile_den
Lair:2:   layout_gridlike, uniq_fannar
Lair:3:   layout_roguey, minmay_shoals_entry_hut,
          nicolae_spider_entry_non_spiders, basic_altar, serial_bayou_crossing
Lair:4:   layout_gridlike, slime_entry_1, serial_rivers,
          chequers_serial_rivers_room_a, chequers_serial_rivers_micro_c,
          chequers_serial_rivers_room_a, chequers_serial_rivers_micro_e,
          minivault_27, grunt_megastairs_3, infiniplex_staircase_pool_2
Lair:5:   evilmike_catoblepas_cave, layout_long_grid
Spider:1: layout_chambers, nicolae_spider_undead_wolf_pack
Spider:2: layout_cave_pods
Spider:3: layout_spider_delve
Spider:4: floodkiller_spider_rune_tomb, special_room [special_room_bee],
          uniq_mara
Orc:1:    layout_caves, basic_altar, uniq_urug
Orc:2:    st_orc_congregation, layout_caves, gauntlet_entry_generic,
          hellmonk_ghost_happy_afterlife, uniq_donald

Skill      XL: |  1  2  3  4  5  6  7  8  9 10 11 12 13 14 15 16 17 |
---------------+----------------------------------------------------+-----
Armour         | 3 4 5 6 7 8 9 |  9.4
Long Blades    | 2 3 4 5 6 7 8 10 11 12 14 15 | 15.9
Shields        | 3 4 5 6 7 8 9 |  9.1
Throwing       | 1 4 5 6 7 8 9 |  9.4
Short Blades   | 3 4 5 6 |  6.3
Fighting       | 5 6 7 8 9 10 11 12 | 12.0
Dodging        | 4 5 6 8 |  8.5
Stealth        | 4 5 6 7 8 9 10 | 10.4
Evocations     | 1 3 4 5 7 8 9 10 | 10.1
Invocations    | 1 3 5 7 9 10 11 | 11.2
Maces & Flails | 2 5 6 |  6.7

Action                   |  1- 3 |  4- 6 |  7- 9 | 10-12 | 13-15 | 16-18 || total
-------------------------+-------+-------+-------+-------+-------+-------++-------
Melee: Long sword        |    68 |       |   115 |   247 |       |       ||   430
       Dagger            |     6 |    91 |   122 |   268 |   282 |   128 ||   897
       Double sword      |       |       |       |    68 |   506 |   516 ||  1090
       Demon blade       |       |       |       |       |   130 |    46 ||   176
       Whip              |       |       |       |       |   122 |    86 ||   208
       Triple sword      |       |       |       |       |       |   138 ||   138
Throw: Stone             |     8 |    20 |    25 |    70 |       |       ||   123
       Boomerang         |       |    13 |       |    26 |    59 |   114 ||   212
       Dart              |       |       |       |    36 |   119 |   160 ||   315
Invok: Heroism           |       |       |     1 |     7 |     8 |     6 ||    22
       Finesse           |       |       |       |     1 |     1 |       ||     2
Evoke: Wand              |       |       |     4 |    17 |    42 |    17 ||    80
       Condenser vane    |       |       |       |     1 |       |     1 ||     2
       Lightning rod     |       |       |       |       |     6 |       ||     6
  Use: Scroll            |     1 |       |     3 |    11 |    11 |     8 ||    34
       Potion            |       |     1 |     1 |     2 |     1 |     1 ||     6
 Stab: Sleeping          |       |     5 |    25 |    35 |    54 |     3 ||   122
       Distracted        |       |       |       |     1 |     1 |       ||     2
       Petrified         |       |       |       |     1 |       |       ||     1
       Paralysed         |       |       |       |       |     2 |     2 ||     4
       Held in net/web   |       |       |       |       |       |     3 ||     3
Armor: Scale mail        |    34 |    13 |    16 |       |    62 |       ||   125
       Leather armour    |       |       |    62 |    40 |       |       ||   102
       Troll leather arm |       |       |       |    77 |   119 |       ||   196
       Crystal plate arm |       |       |       |       |   220 |   748 ||   968
Dodge: Dodged            |    35 |    31 |   118 |   215 |   465 |   388 ||  1252
Block: Buckler           |    13 |    12 |    56 |   116 |   353 |   347 ||   897
